[Event "Team 45 45 League T84"]
[Site "Internet Chess Club"]
[Date "2020.05.03"]
[Round "5"]
[White "LittleButton"]
[Black "Beetlejuice"]
[Result "1-0"]
[WhiteElo "1897"]
[BlackElo "1706"]
[Opening "Dutch defense"]
[ECO "A81"]
[Time "09:04:02"]
[TimeControl "2700+45"]

1. d4 f5 2. g3 Nf6 3. Bg2 g6 4. Nh3 d6 5. Nf4 c6 6. c4 e6 7. Nc3 Bg7 8. O-O O-O
9. e4 Qc7 10. exf5 exf5 11. Re1 Na6 12. a3 Bd7 13. d5 Rfe8 14. Be3 Kf7 15. Qd2
Ng4 16. Bd4 Ne5 17. b3 c5 18. Be3 Bf6 19. Nd3 Nxd3 20. Qxd3 Rab8 21. Rac1 Qd8
22. Qd2 b5 23. Bf4 Qc7 24. Nxb5 Bxb5 25. cxb5 Rxb5 26. Rxe8 Kxe8 27. Qe2+ Kf7
28. Qxb5 {Black resigns} 1-0

[Event "Team 45 45 League T84"]
[Site "Internet Chess Club"]
[Date "2020.05.03"]
[Round "5"]
[White "CPTsopiens"]
[Black "room-matt"]
[Result "1/2-1/2"]
[WhiteElo "1805"]
[BlackElo "1807"]
[Opening "Ruy Lopez: fianchetto (Smyslov/Barnes) defense"]
[ECO "C60"]
[Time "90:03:17"]
[TimeControl "2700+45"]
1. e4 e5 2. Nf3 Nc6 3. Bb5 g6 4. O-O a6 5. Bxc6 dxc6 6. Nxe5 Bg7 7. Nf3 Nf6
8. e5 Nh5 9. d4 Bg4 10. c3 Qd5 11. Nbd2 O-O-O 12. h3 Be6 13. Nb3 Bf8 14. Bg5
Re8 15. g4 h6 16. Be3 Ng7 17. Nbd2 h5 18. c4 Qd7 19. Ng5 hxg4 20. Nxe6 Qxe6
21. hxg4 c5 22. Qf3 Be7 23. d5 Qxe5 24. Qf4 Bd6 25. Qxe5 Rxe5 26. Kg2 Rxe3
27. fxe3 Rh2+ 28. Kg1 Rxd2 29. Rxf7 Ne8 30. Raf1 Be5 31. Re7 Bh2+ 32. Kh1
Kd8 33. Rff7 Bd6 34. Re6 Rxb2 35. Kg1 b5 36. e4 Re2 37. Kf1 Re3 38. Kf2 Ra3
39. e5 Bxe5 40. Rxe5 Nd6 41. Rg7 Rxa2+ 42. Kf3 a5 43. Rg5 Nxc4 44. R5xg6
Ra3+ 45. Kf2 Nd6 46. Rg8+ Ke7 {Game drawn} 1/2-1/2

[Event "Team 45 45 League T84"]
[Site "Internet Chess Club"]
[Date "2020.04.30"]
[Round "5"]
[White "MathBandit"]
[Black "Demachaeron"]
[Result "1-0"]
[WhiteElo "1703"]
[BlackElo "1722"]
[Opening "Tennison (Lemberg, Zukertort) gambit"]
[ECO "B01"]
[Time "10:01:02"]
[TimeControl "2700+45"]

1. e4 d5 2. Nf3 dxe4 3. Ng5 Nf6 4. Bc4 e6 5. Nc3 Be7 6. O-O Nbd7 7. Ngxe4 O-O 8.
d4 Nb6 9. Bb3 c6 10. Bf4 Nbd5 11. Nxf6+ Bxf6 12. Nxd5 exd5 13. c3 Bf5 14. Qd2
Qd7 15. Rfe1 Rae8 16. a4 a6 17. Be5 Qd8 18. Qf4 Bxe5 19. dxe5 Be6 20. Qb4 Qc7
21. Rad1 a5 22. Qh4 Bf5 23. Qd4 Rd8 24. Qe3 Rfe8 25. f4 Re7 26. Rd2 Rde8 27. h3
h5 28. c4 dxc4 29. Bxc4 Be6 30. Bxe6 Rxe6 31. Qf3 g6 32. Red1 R6e7 33. Rd6 Qb6+
34. Qf2 Qb3 35. Qd4 Re6 36. Rd3 Qc2 37. Qc3 Qb1+ 38. Rd1 Qe4 39. R6d4 Qf5 40.
Qf3 Kg7 41. R4d2 R6e7 42. g4 hxg4 43. hxg4 Qc8 44. Qh3 Rh8 45. Qg3 Qc7 46. Qc3
Qb6+ 47. Kg2 Qc7 48. e6+ f6 49. Rd7 Qxf4 50. Rxe7+ Kf8 51. Rf7+ Ke8 52. Rd8+
Kxd8 53. Qd3+ {Black resigns} 1-0

[Event "Team 45 45 League T84"]
[Site "Internet Chess Club"]
[Date "2020.05.01"]
[Round "5"]
[White "ghostfire"]
[Black "Kingofknights"]
[Result "1-0"]
[WhiteElo "1676"]
[BlackElo "1546"]
[Opening "Caro-Kann: advance variation"]
[ECO "B12"]
[Time "17:00:33"]
[TimeControl "2700+45"]

1. e4 c6 2. d4 d5 3. e5 c5 4. c3 cxd4 5. cxd4 a6 6. h3 Nc6 7. Nf3 f6 8. Be2 Bf5
9. O-O fxe5 10. Nxe5 Nxe5 11. dxe5 e6 12. Bh5+ g6 13. Be2 Ne7 14. Bg5 Qb6 15. b3
O-O-O 16. Nc3 d4 17. Na4 Qa7 18. Qd2 Rd7 19. Rac1+ Kb8 20. Bf3 h5 21. Qa5 Bg7
22. Nb6 Rdd8 23. Bxe7 {Black resigns} 1-0

[Event "Team 45 45 League T84"]
[Site "Internet Chess Club"]
[Date "2020.05.04"]
[Round "5"]
[White "cadmiumorange"]
[Black "fledermaus"]
[Result "1/2-1/2"]
[WhiteElo "1798"]
[BlackElo "1848"]
[Opening "Sicilian: Grand Prix attack"]
[ECO "B23"]
[Time "10:03:17"]
[TimeControl "2700+45"]

1. e4 c5 2. Nc3 Nc6 3. f4 e6 4. Nf3 d5 5. Bb5 Ne7 6. exd5 Nxd5 7. O-O Be7 8.
Bxc6+ bxc6 9. Ne5 Qc7 10. d3 O-O 11. Ne4 f6 12. Nc4 f5 13. Ng3 Bf6 14. Qe2 Bd7
15. Ne5 {Game drawn by mutual agreement} 1/2-1/2

[Event "Team 45 45 League T84"]
[Site "Internet Chess Club"]
[Date "2020.05.03"]
[Round "5"]
[White "Grenadier"]
[Black "McDreasor"]
[Result "0-1"]
[WhiteElo "1584"]
[BlackElo "1636"]
[Opening "Sicilian: closed, 6.Be3"]
[ECO "B26"]
[Time "11:56:17"]
[TimeControl "2700+45"]

1. e4 c5 2. Nc3 Nc6 3. g3 g6 4. Bg2 Bg7 5. d3 d6 6. Be3 e6 7. Qd2 Rb8 8. Nge2 b5
9. a3 Nge7 10. O-O O-O 11. Rab1 Bd7 12. Bh6 Nd4 13. Nd1 e5 14. Nxd4 cxd4 15.
Bxg7 Kxg7 16. f4 a5 17. Nf2 f5 18. fxe5 dxe5 19. exf5 Nxf5 20. Ng4 Qc7 21. Rbe1
Rbe8 22. Be4 b4 23. axb4 axb4 24. Rf2 Qc5 25. Rfe2 Re7 26. Bxf5 Bxf5 27. Qh6+
Kg8 28. Rxe5 Rxe5 29. Rxe5 Qd6 30. Rxf5 Rxf5 31. Qd2 Ra5 32. Qe2 Ra1+ 33. Kf2
Kg7 34. Qe8 Qf8+ 35. Qxf8+ Kxf8 36. Kf3 Ra2 37. Ke4 Rxb2 38. Kxd4 Rxc2 39. Ne3
Rc1 40. Nc4 b3 41. Nb2 Rc2 42. Na4 b2 43. Nxb2 {White resigns} 0-1

[Event "Team 45 45 League T84"]
[Site "Internet Chess Club"]
[Date "2020.05.02"]
[Round "5"]
[White "elmaestro"]
[Black "justice02"]
[Result "1-0"]
[WhiteElo "1669"]
[BlackElo "1581"]
[Opening "English, 1...Nf6 (Anglo-Indian defense)"]
[ECO "A15"]
[Time "18:14:15"]
[TimeControl "2700+45"]

1. c4 Nf6 2. g3 g6 3. Bg2 Bg7 4. Nf3 O-O 5. O-O d6 6. Nc3 c6 7. d4 d5 8. cxd5
cxd5 9. Qb3 Nc6 10. Bg5 e6 11. h3 h6 12. Bf4 a6 13. a3 b5 14. Rac1 Bd7 15. Qc2
Rc8 16. Qd3 Qb6 17. e3 Rfe8 18. g4 g5 19. Bg3 Na5 20. Ne5 Bf8 21. f4 b4 22. Nxd7
Nxd7 23. axb4 Qxb4 24. fxg5 Qxb2 25. Rc2 Qb7 26. Rcf2 Nb6 27. g6 fxg6 28. Qxg6+
Qg7 29. Rxf8+ Rxf8 30. Rxf8+ Rxf8 31. Qxe6+ Kh7 32. Qxb6 Nc4 33. Qb1+ Kh8 34.
Bxd5 Qe7 35. Ne4 Qa3 36. Bxc4 Qxe3+ 37. Bf2 Qxh3 38. Be6 h5 39. Ng5 {Black
resigns} 1-0

[Event "Team 45 45 League T84"]
[Site "Internet Chess Club"]
[Date "2020.05.02"]
[Round "5"]
[White "GoIrish"]
[Black "mongmong"]
[Result "1-0"]
[WhiteElo "1511"]
[BlackElo "1494"]
[Opening "Réti opening"]
[ECO "A04"]
[Time "12:03:43"]
[TimeControl "2700+45"]

1. Nf3 e6 2. g3 Nf6 3. Bg2 d5 4. O-O Be7 5. d3 O-O 6. Nbd2 b5 7. e4 Bb7 8. e5
Nfd7 9. h4 c5 10. c3 Nc6 11. d4 Qb6 12. Nb3 a5 13. Be3 c4 14. Nbd2 b4 15. Nh2 a4
16. Qg4 Kh8 17. f4 Bc8 18. Qe2 Qa5 19. Nxc4 dxc4 20. Bxc6 bxc3 21. Bxa8 Qxa8 22.
bxc3 Nb6 23. Rab1 Nd5 24. Bd2 Ba6 25. f5 exf5 26. Rxf5 g6 27. Rff1 Kg8 28. Ng4
f5 29. exf6 Bxf6 30. Qe6+ {Black resigns} 1-0

[Event "Team 45 45 League T84"]
[Site "Internet Chess Club"]
[Date "2020.04.29"]
[Round "5"]
[White "QuieroAprender"]
[Black "fishhead"]
[Result "1-0"]
[WhiteElo "1668"]
[BlackElo "1762"]
[Opening "Queen's pawn: London system"]
[ECO "A45"]
[Time "18:06:43"]
[TimeControl "2700+45"]

1. d4 Nf6 2. Bf4 d6 3. Nf3 Nh5 4. Bg3 g6 5. e3 Bg7 6. Bd3 c5 7. c3 O-O 8. Nbd2
Bg4 9. Qc2 Nc6 10. a3 Rc8 11. d5 Nb8 12. Bh4 Bd7 13. h3 b5 14. c4 a6 15. O-O Qe8
16. Be2 e6 17. Ne4 exd5 18. Nxd6 Qe6 19. Nxc8 Rxc8 20. Ng5 Qe5 21. Bxh5 gxh5 22.
Qxh7+ Kf8 23. Qxh5 {Black resigns} 1-0

[Event "Team 45 45 League T84"]
[Site "Internet Chess Club"]
[Date "2020.05.02"]
[Round "5"]
[White "Goli"]
[Black "julesraider"]
[Result "1-0"]
[WhiteElo "1743"]
[BlackElo "1633"]
[Opening "Caro-Kann: Panov-Botvinnik attack"]
[ECO "B13"]
[Time "12:00:47"]
[TimeControl "2700+45"]

1. e4 c6 2. d4 d5 3. exd5 cxd5 4. c4 Nf6 5. Nc3 Nc6 6. Nf3 Bg4 7. Be3 e6 8. c5
Be7 9. a3 O-O 10. Be2 b6 11. b4 Ne4 12. Qc2 Nxc3 13. Qxc3 Bxf3 14. Bxf3 Rc8 15.
b5 Na5 16. c6 Nc4 17. Be2 Nxe3 18. fxe3 Bh4+ 19. g3 Bf6 20. O-O Qd6 21. a4 e5
22. a5 exd4 23. exd4 Bd8 24. Bg4 Rb8 25. Rac1 Bc7 26. axb6 Rxb6 27. Qa5 Ra8 28.
Qa4 a6 29. Bd7 Rxb5 30. Rb1 Ra5 31. Qd1 Ra3 32. Qe2 Qg6 33. Rb7 Qd6 34. Rxc7
Qxc7 35. Qe7 Rxg3+ 36. Kh1 Kh8 37. Qxf7 Qd8 38. hxg3 h6 39. Qxd5 Rb8 40. Qd6 Qb6
41. Rf8+ Rxf8 42. Qxf8+ Kh7 43. Bf5+ g6 44. Qf7+ Kh8 45. Qxg6 Qc7 46. Qxh6+ Kg8
47. Qh7+ Qxh7+ 48. Bxh7+ Kxh7 49. c7 Kg7 50. c8=Q a5 51. Qc7+ Kf6 52. Qxa5
{Black resigns} 1-0

[Event "Team 45 45 League T84"]
[Site "Internet Chess Club"]
[Date "2020.05.04"]
[Round "5"]
[White "Portola"]
[Black "cityprosecutor"]
[Result "0-1"]
[WhiteElo "1661"]
[BlackElo "1678"]
[Opening "Queen's pawn game"]
[ECO "A46"]
[Time "10:03:34"]
[TimeControl "2700+45"]

1. d4 Nf6 2. Nf3 c5 3. e3 g6 4. Nbd2 Bg7 5. c3 O-O 6. Be2 d6 7. O-O Nc6 8. Re1
Qc7 9. Nf1 e5 10. Ng3 h6 11. d5 Ne7 12. e4 g5 13. Nd2 Ng6 14. Ndf1 a6 15. a4 Rb8
16. c4 Bd7 17. a5 Qc8 18. Ne3 Nf4 19. Nef5 Bxf5 20. Nxf5 Qd7 21. Bf1 Kh7 22.
Bxf4 exf4 23. Bd3 Kg8 24. Nxd6 Nxd5 25. e5 Ne7 26. Nxf7 Kxf7 27. Bg6+ Ke6 28.
Qg4+ Nf5 29. Rad1 Qc8 30. Rd2 Ke7 31. Bxf5 Qxf5 32. Qf3 g4 33. Qd5 Rfd8 34.
Qxc5+ Ke8 35. Rde2 f3 36. Re3 Rbc8 37. Qb4 Rc7 38. Qa4+ Qd7 39. Qc2 Qe6 40. c5
Rcd7 41. Qa4 Ke7 42. Re4 h5 43. Qb4 Ke8 44. Qa4 Qc6 45. Qb3 Qd5 46. Qb6 Qxe4
{White resigns} 0-1

[Event "Team 45 45 League T84"]
[Site "Internet Chess Club"]
[Date "2020.05.03"]
[Round "5"]
[White "Egmont"]
[Black "andrew37"]
[Result "1-0"]
[WhiteElo "1731"]
[BlackElo "1611"]
[Opening "Grünfeld: exchange, classical variation"]
[ECO "D87"]
[Time "11:06:26"]
[TimeControl "2700+45"]

1. d4 Nf6 2. c4 g6 3. Nc3 d5 4. cxd5 Nxd5 5. e4 Nxc3 6. bxc3 Bg7 7. Bc4 c5 8.
Be3 O-O 9. Ne2 Nc6 10. O-O Bg4 11. f3 Na5 12. Bd3 c4 13. fxg4 cxd3 14. Qxd3 e5
15. d5 Qc8 16. h3 Nc4 17. Bf2 b6 18. Nc1 Nd6 19. Nb3 Qc4 20. Qxc4 Nxc4 21. Bh4
Nd6 22. Be7 Nxe4 23. Bxf8 Bxf8 24. c4 Bd6 25. Rae1 Nc5 26. Nxc5 Bxc5+ 27. Kh1
Bd4 28. Rf6 Re8 29. Ref1 Re7 30. Rd1 Kg7 31. Rc6 Bc5 32. g3 e4 33. g5 e3 34. Re1
e2 35. d6 Rd7 36. Rxe2 Rxd6 37. Rxd6 Bxd6 38. Kg2 f6 39. gxf6+ Kxf6 40. Kf3 Be5
41. g4 g5 42. Ke4 Ke6 43. Rd2 Bf4 44. Rd8 a6 45. Rh8 b5 46. cxb5 axb5 47. Rxh7
Kd6 48. Kd4 Be5+ 49. Ke4 Bf4 50. Rb7 Kc6 51. Rf7 Bd2 52. Rf5 b4 53. Kd3 Bc1 54.
Kc4 Bd2 55. Rf6+ Kd7 56. Kd5 Ke7 57. Rh6 Kf7 58. Ke5 Kg7 59. Ra6 Kf7 60. Kf5 Ke7
61. Rg6 Kd7 62. Rxg5 Bxg5 63. Kxg5 Kc6 64. Kf6 Kc5 65. g5 Kc4 66. g6 Kc3 67. g7
Kb2 68. g8=Q {Black resigns} 1-0

[Event "Team 45 45 League T84"]
[Site "Internet Chess Club"]
[Date "2020.05.02"]
[Round "5"]
[White "Monterrey"]
[Black "janh"]
[Result "0-1"]
[WhiteElo "1867"]
[BlackElo "1922"]
[Opening "QGD: semi-Slav"]
[ECO "D31"]
[Time "18:02:19"]
[TimeControl "2700+45"]

1. d4 d5 2. c4 e6 3. Nc3 c6 4. e3 f5 5. Bd3 Nf6 6. Nge2 Bd6 7. f3 O-O 8. Qc2 Na6
9. a3 Nc7 10. Bd2 Bd7 11. c5 Be7 12. O-O Nce8 13. e4 fxe4 14. fxe4 e5 15. b4
exd4 16. Nxd4 dxe4 17. Nxe4 Nxe4 18. Bxe4 Nf6 19. Qc4+ Kh8 20. Bc2 Be8 21. Bc3
Bf7 22. Qe2 Nd5 23. Bb2 Bf6 24. Rad1 Qe8 25. Rde1 Qxe2 26. Rxe2 Bh5 27. Ree1
Rfe8 28. Bb3 Rxe1 29. Rxe1 Nf4 30. Bc4 a5 31. g3 Nh3+ 32. Kg2 Ng5 33. Re3 Rd8
34. Rd3 Bg6 35. Rd1 Be4+ 36. Kf2 Bc2 37. Rc1 Bg6 38. Rd1 Bh5 39. Rd3 Ne4+ 40.
Kg2 Bg6 41. Rd1 Ng5 42. h4 Be4+ 43. Kf2 Nf3 44. Ke3 Bc2 45. Rc1 Nxd4 {White
resigns} 0-1

[Event "Team 45 45 League T84"]
[Site "Internet Chess Club"]
[Date "2020.05.06"]
[Round "5"]
[White "ANGELLR"]
[Black "martineden"]
[Result "0-1"]
[WhiteElo "1812"]
[BlackElo "1896"]
[Opening "Queen's pawn, Mason variation"]
[ECO "D00"]
[Time "08:33:23"]
[TimeControl "2700+45"]

1. d4 d5 2. Bf4 Nf6 3. e3 Bf5 4. Nf3 e6 5. Nbd2 Bd6 6. Bg3 O-O 7. c4 c6 8. Qb3
Bxg3 9. hxg3 Qc7 10. Rc1 Nbd7 11. Be2 Rfe8 12. O-O Rac8 13. Rfe1 Qb6 14. Qxb6
Nxb6 15. Ne5 Nbd7 16. Nxd7 Nxd7 17. g4 Bg6 18. f4 h6 19. Kf2 Nf6 20. Rh1 Ne4+
21. Nxe4 Bxe4 22. Rh2 c5 23. dxc5 Rxc5 24. b4 Rc7 25. Rhh1 dxc4 26. Rxc4 Rxc4
27. Bxc4 Rd8 28. Re1 Kf8 29. g3 Ke7 30. Ke2 a6 31. a4 Rd6 32. a5 b5 33. Bb3 Rc6
34. Kd2 Bf3 35. g5 hxg5 36. fxg5 Rd6+ 37. Kc3 Bd5 38. Bc2 Rc6+ 39. Kd2 Rc4 40.
Rb1 Rg4 41. e4 Bxe4 42. Bxe4 Rxe4 43. Rb3 Rc4 44. Ke2 e5 45. Kf3 Ke6 46. Rb1 Kd5
47. Rd1+ Rd4 48. Rb1 Kc4 49. Rc1+ Kxb4 50. Rc7 Rd6 51. Rxf7 Rg6 52. Rf5 Kxa5 53.
Rxe5 Ka4 54. Ke3 b4 55. Kd3 Kb3 56. Ra5 Rb6 57. Rc5 Rb5 58. Rxb5 axb5 59. g4 Ka2
60. Ke4 b3 61. Kf5 b2 62. Kg6 b1=Q+ 63. Kxg7 Qb2+ 64. Kh7 Qh2+ 65. Kg7 b4 66. g6
b3 67. Kf7 Qf4+ 68. Ke6 Qxg4+ 69. Kf6 Qf4+ 70. Ke7 b2 71. g7 Qg5+ 72. Kf7 b1=Q
73. g8=Q Qbf5+ 74. Ke8+ Qxg8+ 75. Ke7 Qg7+ {White resigns} 0-1

[Event "Team 45 45 League T84"]
[Site "Internet Chess Club"]
[Date "2020.05.02"]
[Round "5"]
[White "laurenpar"]
[Black "ElValero"]
[Result "1/2-1/2"]
[WhiteElo "1868"]
[BlackElo "1763"]
[Opening "Queen's pawn game"]
[ECO "D05"]
[Time "03:00:33"]
[TimeControl "2700+45"]

1. d4 Nf6 2. Nf3 e6 3. e3 d5 4. Bd3 Be7 5. Nbd2 O-O 6. b3 c5 7. Bb2 Qa5 8. a3
Ne4 9. b4 cxb4 10. axb4 Qb6 11. c3 f5 12. O-O Bd7 13. Ne5 Bb5 14. c4 Bxc4 15.
Ndxc4 dxc4 16. Nxc4 Qd8 17. Bxe4 fxe4 18. Qg4 Qd5 19. Nb6 axb6 20. Rxa8 Bxb4 21.
Ba3 Bxa3 22. Rxa3 b5 23. Ra8 b4 24. f3 b3 25. Rxb8 Rxb8 26. fxe4 Qd6 27. Qd1 Qa3
28. d5 b2 {Game drawn by mutual agreement} 1/2-1/2

[Event "Team 45 45 League T84"]
[Site "Internet Chess Club"]
[Date "2020.05.02"]
[Round "5"]
[White "Portola"]
[Black "bobhill"]
[Result "0-1"]
[WhiteElo "1638"]
[BlackElo "1858"]
[Opening "Queen's pawn game, Darooha variation "]
[ECO "D02"]
[Time "10:00:56"]
[TimeControl "2700+45"]

1. d4 d5 2. Nf3 Nf6 3. c3 g6 4. Bg5 Bg7 5. Nbd2 O-O 6. e3 c5 7. Bd3 Nbd7 8. O-O
Qb6 9. Qb3 Qxb3 10. axb3 b6 11. Ba6 Bxa6 12. Rxa6 Nb8 13. Raa1 Nc6 14. Ra6 Nd7
15. Bf4 Rfe8 16. Raa1 e5 17. dxe5 Ndxe5 18. Nxe5 Nxe5 19. Bxe5 Bxe5 20. Nf3 Bg7
21. Rfd1 d4 22. exd4 cxd4 23. Nxd4 Bxd4 24. Rxd4 Re2 25. Rb1 Rae8 26. Rdd1 Rc2
27. Rdc1 Rxc1+ 28. Rxc1 Re2 29. Rb1 a5 30. h4 Kg7 31. g3 Kf6 32. Kg2 h5 33. Kf3
Rc2 34. Ke3 Kf5 35. Kf3 f6 36. b4 axb4 37. cxb4 Rc4 38. b5 Rb4 39. b3 Rxb5 40.
b4 Rd5 41. Rb3 Rd4 42. b5 g5 43. hxg5 fxg5 44. Ke3 Re4+ 45. Kf3 g4+ 46. Kg2 Re2
47. Rb4 Ke5 48. Kf1 Rc2 49. Ke1 Rc5 50. Kd2 Kf5 51. Rf4+ Kg5 52. Rb4 Rf5 53. Ke3
Rf3+ 54. Ke2 Rf5 55. Kf1 Kf6 56. Ke2 Ke6 57. Rb2 Kd6 58. Kd3 Kc5 59. Ke4 Rf8 60.
Ke5 Kc4 61. Kd6 Rf5 62. Kc6 Rf6+ 63. Kc7 Kc5 64. Kb7 Rf3 65. Kc7 Rf7+ 66. Kb8
Kc4 67. Kc8 Rf5 68. Kb7 Rxb5 69. Rc2+ Kd3 70. Ra2 Rb3 71. Kc6 Ke4 72. Ra4+ Kf3
73. Rf4+ Kg2 74. Rf5 b5 75. Kc5 b4 76. Kc4 Rb1 77. Kd3 Rf1 78. Kc4 Rxf2 79. Rxh5
Kxg3 80. Kxb4 Kf4 81. Rh8 g3 82. Rg8 Rc2 83. Kb3 Rc5 84. Rf8+ Rf5 85. Rg8 Rg5
86. Rf8+ Ke3 {White resigns} 0-1

[Event "Team 45 45 League T84"]
[Site "Internet Chess Club"]
[Date "2020.05.03"]
[Round "5"]
[White "Ajolote"]
[Black "achessman"]
[Result "0-1"]
[WhiteElo "1879"]
[BlackElo "1817"]
[Opening "Caro-Kann: classical, 6.h4"]
[ECO "B18"]
[Time "14:01:15"]
[TimeControl "2700+45"]

1. e4 c6 2. d4 d5 3. Nc3 dxe4 4. Nxe4 Bf5 5. Ng3 Bg6 6. h4 h6 7. Nh3 e6 8. Nf4
Bh7 9. Bc4 Nf6 10. O-O Bd6 11. Re1 O-O 12. Nfh5 Nxh5 13. Nxh5 Qxh4 14. g3 Qh3
15. Bf1 Qf5 16. Bd3 Qh3 17. Bf4 Bxd3 18. Bxd6 Bf5 19. Bxf8 Kxf8 20. Nf4 Qg4 21.
Qd2 Na6 22. Kg2 Rd8 23. Re5 Qg5 24. Rae1 Kg8 25. Qc3 Rd6 26. d5 cxd5 27. Qc8+
Qd8 28. Qxb7 Nc5 29. Qb5 Be4+ 30. f3 Nd7 31. Rh5 Bxc2 32. Qe2 Bf5 33. g4 Bh7 34.
Nd3 d4 35. Nc5 d3 36. Qd2 Rc6 37. b4 Bg6 38. Rhh1 Nxc5 39. bxc5 Rxc5 40. Rc1 Rd5
41. Rc3 Ra5 42. Rhc1 Qd5 43. a3 Kh7 44. Kf2 Qd6 45. Rxd3 Qh2+ 46. Kf1 Bxd3+ 47.
Qxd3+ f5 48. Rc2 Qh1+ 49. Kf2 Re5 50. Qc3 Rd5 51. Re2 fxg4 52. fxg4 Qh2+ {White
resigns} 0-1

[Event "Team 45 45 League T84"]
[Site "Internet Chess Club"]
[Date "2020.05.02"]
[Round "5"]
[White "LookImYourVader"]
[Black "MarcB"]
[Result "0-1"]
[WhiteElo "1790"]
[BlackElo "1878"]
[Opening "Réti opening"]
[ECO "A30"]
[Time "16:00:23"]
[TimeControl "2700+45"]

1. Nf3 c5 2. c4 Nf6 3. Nc3 e6 4. e3 d6 5. d4 Nbd7 6. Qc2 b6 7. Be2 Be7 8. O-O
Bb7 9. b3 O-O 10. Bb2 cxd4 11. Nxd4 Rc8 12. Rac1 d5 13. Qb1 dxc4 14. Bxc4 Ne5
15. Be2 Qd6 16. Rfd1 Qb8 17. h3 Qa8 18. f3 Rfd8 19. Ncb5 Nc6 20. Nxc6 Rxd1+ 21.
Bxd1 Bxc6 22. Bxf6 gxf6 23. Nd4 Bc5 24. Nxc6 Bxe3+ 25. Kf1 Rxc6 26. Rxc6 Qxc6
27. Qc2 Qd7 28. Be2 Kg7 29. Qd3 Bd4 30. g3 e5 31. Kg2 Qe6 32. Bd1 Qd5 33. Bc2 h5
34. Qh7+ Kf8 35. Qh6+ Ke7 36. Bf5 Bc5 37. Qc1 Qd4 38. h4 Qf2+ 39. Kh3 Qxf3
{White resigns} 0-1

[Event "Team 45 45 League T84"]
[Site "Internet Chess Club"]
[Date "2020.05.02"]
[Round "5"]
[White "cayo89"]
[Black "QuieroAprender"]
[Result "1-0"]
[WhiteElo "1584"]
[BlackElo "1647"]
[Opening "Scotch game"]
[ECO "C45"]
[Time "13:01:28"]
[TimeControl "2700+45"]

1. e4 e5 2. Nf3 Nc6 3. d4 exd4 4. Nxd4 Bc5 5. Be3 Qf6 6. c3 Nge7 7. Bc4 O-O 8.
O-O Ne5 9. Bb3 d6 10. Qd2 h6 11. f3 a5 12. a4 N5c6 13. Na3 Nxd4 14. Bxd4 Bxd4+
15. cxd4 Nc6 16. Rfd1 Nb4 17. Rac1 c6 18. Nc2 Nxc2 19. Rxc2 Qg5 20. f4 Qg6 21.
f5 Qg5 22. Qxg5 hxg5 23. Rdd2 d5 24. exd5 Bxf5 25. Rc1 Rac8 26. dxc6 Rxc6 27.
Rxc6 bxc6 28. Bc2 Be6 29. Be4 Bd7 30. Rc2 Rb8 31. Rc5 Rxb2 32. Rxa5 f5 33. Bxf5
Bxf5 34. Rxf5 Rb4 35. Rxg5 Rxd4 36. a5 Ra4 37. Rc5 Kf7 38. Rxc6 Rxa5 39. h3 Ra1+
40. Kh2 Ra2 41. h4 Re2 42. h5 Re6 43. Rxe6 Kxe6 44. Kh3 Kf5 45. Kh4 Kf6 46. Kg4
Ke6 47. Kg5 Kf7 48. g4 Kf8 49. Kg6 Kg8 50. g5 Kh8 51. Kf7 Kh7 52. h6 gxh6 53.
g6+ Kh8 54. g7+ Kh7 55. g8=Q# {Black checkmated} 1-0

[Event "Team 45 45 League T84"]
[Site "Internet Chess Club"]
[Date "2020.04.30"]
[Round "5"]
[White "wildkingdumb"]
[Black "Redman1"]
[Result "1-0"]
[WhiteElo "1690"]
[BlackElo "1525"]
[Opening "French: advance, Euwe variation"]
[ECO "C02"]
[Time "09:00:57"]
[TimeControl "2700+45"]

1. e4 e6 2. d4 d5 3. e5 c5 4. c3 Nc6 5. Nf3 Bd7 6. Be2 Nge7 7. O-O Nf5 8. Bd3
cxd4 9. Bxf5 exf5 10. Nxd4 Nxd4 11. cxd4 Be7 12. Nd2 Be6 13. Nf3 O-O 14. Be3 Rc8
15. Qd2 f6 16. Rac1 Qd7 17. Rfe1 Rc6 18. Rxc6 Qxc6 19. Rc1 Qd7 20. a3 Rc8 21.
Rxc8+ Qxc8 22. h3 a6 23. Ne1 Qc7 24. Nd3 fxe5 25. dxe5 Kf7 26. Bd4 g5 27. h4 h6
28. hxg5 hxg5 29. Bc3 Qc4 30. Bb4 Bxb4 31. axb4 b6 32. Qc3 b5 33. Nc5 Bc8 34. g3
Qg4 35. e6+ Bxe6 36. Nxe6 Kxe6 37. Qc6+ Ke5 38. Qc7+ Ke4 39. Qe7+ Kd4 40. Qe3+
{Black resigns} 1-0

[Event "Team 45 45 League T84"]
[Site "Internet Chess Club"]
[Date "2020.05.03"]
[Round "5"]
[White "walkover"]
[Black "Sloggi"]
[Result "0-1"]
[WhiteElo "1743"]
[BlackElo "1998"]
[Opening "QGA: classical, 6...a6"]
[ECO "D27"]
[Time "11:53:27"]
[TimeControl "2700+45"]

1. d4 d5 2. c4 dxc4 3. Nf3 Nf6 4. e3 e6 5. Bxc4 c5 6. O-O a6 7. Bb3 b5 8. a4 b4
9. e4 cxd4 10. Nbd2 Nc6 11. e5 Nd7 12. Nc4 Be7 13. Nd6+ Bxd6 14. exd6 Nc5 15.
Bf4 O-O 16. Rc1 Nxb3 17. Rxc6 Bb7 18. Rc7 Bd5 19. Nxd4 Qf6 20. Be3 Na5 21. Qd3
Qe5 22. Rfc1 Qxd6 23. Nf5 exf5 24. R7c5 Rfd8 25. Rxa5 Be4 26. Qxd6 Rxd6 27. Bf4
Rdd8 28. f3 Bd3 29. Rc6 h6 30. Rb6 Rac8 31. Rxb4 Rc2 32. Re5 Be4 33. h4 Rd1+ 34.
Kh2 Bxf3 35. Kg3 Bc6 36. Rxf5 Rxg2+ {White resigns} 0-1

[Event "Team 45 45 League T84"]
[Site "Internet Chess Club"]
[Date "2020.05.02"]
[Round "5"]
[White "LittleButton"]
[Black "cadmiumorange"]
[Result "1-0"]
[WhiteElo "1888"]
[BlackElo "1764"]
[Opening "Modern defense"]
[ECO "A40"]
[Time "10:01:54"]
[TimeControl "2700+45"]

1. d4 g6 2. Bf4 d6 3. Nc3 Bg7 4. e4 Nc6 5. Nf3 Bg4 6. Bb5 a6 7. Bxc6+ bxc6 8. e5
Rb8 9. b3 c5 10. dxc5 Bxf3 11. Qxf3 dxe5 12. Rd1 Qc8 13. Qc6+ Kf8 14. Be3 Nf6
15. O-O Ng4 16. Rd7 Nxe3 17. fxe3 Bh6 18. Nd5 {Black resigns} 1-0

[Event "Team 45 45 League T84"]
[Site "Internet Chess Club"]
[Date "2020.04.30"]
[Round "5"]
[White "Draconian"]
[Black "jjimalo"]
[Result "0-1"]
[WhiteElo "1726"]
[BlackElo "1803"]
[Opening "Sicilian defense"]
[ECO "B20"]
[Time "13:31:05"]
[TimeControl "2700+45"]

1. e4 c5 2. Bc4 e6 3. Nc3 Nc6 4. a4 g6 5. Nf3 Bg7 6. O-O Nge7 7. d3 O-O 8. Bf4
d5 9. Bb3 a6 10. Qd2 Re8 11. Bh6 Bh8 12. Qf4 Nd4 13. Nxd4 cxd4 14. Ne2 b6 15.
Bg5 Bb7 16. e5 Qc7 17. Bf6 Nc6 18. Bxh8 Kxh8 19. Qf6+ Kg8 20. f4 Qd8 21. Qxd8
Rexd8 22. g4 Rac8 23. Rf2 Kf8 24. h4 Ke7 25. Re1 Rg8 26. Kh2 a5 27. Ng3 Rcf8 28.
f5 gxf5 29. gxf5 Rg4 30. Kh3 Rfg8 31. Rf3 Bc8 32. f6+ Kd7 33. c3 dxc3 34. bxc3
Ba6 35. d4 b5 36. axb5 Bxb5 37. Bc2 Nxd4 38. cxd4 Rxd4 39. Rb1 Bc6 40. Rd3 Rc4
41. Bb3 Rb4 42. Bc2 Rf4 43. Rf1 Rxg3+ 44. Rxg3 Rxf1 45. Bxh7 d4 46. Rg7 d3 47.
Bg8 Rf3+ 48. Kh2 d2 49. Bxf7 d1=Q 50. Bh5+ Kc8 51. Bxf3 Qxf3 52. Kg1 Qh1+ 53.
Kf2 Qxh4+ 54. Ke3 Qe4+ 55. Kd2 Qd4+ 56. Ke1 Qxe5+ 57. Kd2 Qxf6 58. Rg8+ Kb7 59.
Rb8+ Kxb8 {White resigns} 0-1